 Dungeon Crawl Stone Soup version 0.20.1-1-g8b1a95d (webtiles) character file.

146 letownia2 the Grave Robber (level 5, -1/42 HPs)
             Began as a Deep Dwarf Necromancer on Nov 29, 2017.
             Slain by a bullfrog (3 damage)
             ... in a sewer.
             The game lasted 00:05:58 (1860 turns).

letownia2 the Grave Robber (Deep Dwarf Necromancer) Turns: 1860, Time: 00:05:59

Health: -1/42      AC:  4    Str: 12    XL:     5   Next: 7%
Magic:  1/9        EV: 12    Int: 16    God:
Gold:   44         SH:  0    Dex: 13    Spells: 5/9 levels left

rFire    . . .     SeeInvis .   a - +0 dagger
rCold    . . .     Gourm    .   (no shield)
rNeg     . . .     Faith    .   j - +0 leather armour
rPois    .         Spirit   .   (no helmet)
rElec    .         Reflect  .   (no cloak)
rCorr    .         Harm     .   (no gloves)
MR       .....                  h - +0 pair of boots
Stlth    ++........             (no amulet)
Regen    0.0/turn               (no ring)
MPRegen  0.2/turn               (no ring)

@: non-regenerating
A: damage resistance, heal wounds, sense surroundings 1, no regeneration
a: Heal Wounds


You were in a sewer.
You were not hungry.

You visited 1 branch of the dungeon, and saw 4 of its levels.
You also visited: Sewer.

You collected 44 gold pieces.

Inventory:

Hand Weapons
 a - a +0 dagger (weapon)
Missiles
 e - 2 javelins (quivered)
Armour
 g - a +0 robe
 h - a +0 pair of boots (worn)
 j - a +0 leather armour (worn)
Scrolls
 k - a scroll of identify {unknown}
 m - a scroll of blinking {unknown}
 n - a scroll of teleportation {unknown}
 o - 2 scrolls of fog {unknown}
Potions
 d - a potion of flight {unknown}
 p - 3 potions of magic {unknown}
 q - a potion of haste {unknown}
Books
 b - a book of Necromancy

   Spells                             Type                      Level
   a - Pain                           Necromancy                   1
   b - Animate Skeleton               Necromancy                   1
   c - Vampiric Draining              Necromancy                   3
   d - Regeneration                   Charms/Necromancy            3
   e - Animate Dead                   Necromancy                   4
   f - Control Undead                 Necromancy                   4
Comestibles
 c - 3 bread rations
 f - 2 royal jellies
 i - 4 fruits
 l - a chunk of flesh


   Skills:
 - Level 2.1 Dodging
 - Level 2.4 Stealth
 + Level 2.8 Spellcasting
 + Level 6.3 Necromancy


You had 5 spell levels left.
You knew the following spells:

 Your Spells              Type           Power        Failure   Level  Hunger
a - Pain                  Necr           ###.         1%          1    #......
v - Vampiric Draining     Necr           ###.......   5%          3    ###....


Dungeon Overview and Level Annotations

Branches:
Dungeon (4/15)
 Temple: D:4-7

Altars:
Xom

Shops:
D:4 *

Annotations:
D:4 letownia2's ghost, amateur DDNe


Innate Abilities, Weirdness & Mutations

You are resistant to damage.
You can heal yourself by infusing magical energy.
You passively map a small area around you.
You do not regenerate.


Message History

Unknown command.
Unknown command.
You aren't carrying any items that you can evoke.
Throwing (i - inventory):
e - 4 javelins (quivered)
Press: ? - help, Shift-Dir - straight line, f/p - bullfrog
Aim: a bullfrog (severely wounded)
You throw a javelin.
The javelin closely misses the bullfrog.
The bullfrog hits you.
* * * LOW HITPOINT WARNING * * *
The bullfrog barely misses you. The bullfrog hits you.
* * * LOW HITPOINT WARNING * * *
The bullfrog barely misses you. The bullfrog closely misses you.
Unknown command.
Throwing (i - inventory):
e - 3 javelins (quivered)
Press: ? - help, Shift-Dir - straight line, f/p - bullfrog
Aim: a bullfrog (severely wounded)
You throw a javelin. The javelin barely misses the bullfrog.
The bullfrog hits you.
You die...

≈≈≈≈≈≈≈..≈≈≈≈≈≈≈....#
≈≈≈≈≈≈≈...≈÷≈≈≈÷..÷.#
≈≈≈≈≈≈≈≈..≈≈≈≈≈÷....##
≈≈≈≈≈≈≈#≈#≈≈≈≈≈#.....#
#################....#
##...## #####...#
#.FF....# #.@#....#
####...##
#################....#
≈≈≈≈≈≈≈≈≈≈≈≈≈≈≈#.....#
≈≈≈≈≈≈≈≈≈≈≈≈≈≈≈.....##
≈≈≈≈≈≈≈≈≈≈≈≈≈≈≈≈....#
≈≈≈≈≈≈≈≈#S≈≈≈≈≈≈....#
≈≈≈≈≈≈..≈≈≈≈≈≈≈....##
≈≈≈≈≈≈≈≈≈≈≈≈≈≈≈..###


You could see 2 bullfrogs.

Vanquished Creatures
  6 adders
  4 river rats (Sewer)
  2 oozes (Sewer)
  3 leopard geckos (D:4)
  8 ball pythons
  4 giant cockroaches (D:4)
  2 goblins (D:1)
  2 bats
  25 rats
56 creatures vanquished.

Notes
Turn   | Place    | Note
-------+----------+-------------------------------------------
     0 | D:1      | letownia2 the Deep Dwarf Necromancer began the quest for the Orb.
     0 | D:1      | Reached XP level 1. HP: 15/15 MP: 3/3
     0 | D:1      | Found a shimmering altar of Xom.
   164 | D:2      | Reached XP level 2. HP: 22/22 MP: 1/5
   407 | D:4      | Found Qonlurr's General Store.
   464 | D:4      | Reached skill level 5 in Necromancy
   517 | D:4      | Found a glowing drain.
   592 | D:4      | Reached XP level 3. HP: 28/28 MP: 3/6
   597 | D:4      | Learned a level 3 spell: Vampiric Draining
   615 | D:4      | Noticed letownia2's ghost (amateur DDNe)
   633 | Sewer    | Entered a sewer
  1125 | Sewer    | Reached XP level 4. HP: 33/36 MP: 4/7
  1185 | Sewer    | Reached skill level 6 in Necromancy
  1728 | Sewer    | Reached XP level 5. HP: 41/42 MP: 1/9
  1859 | Sewer    | HP: 2/42 [bullfrog (3)]
  1860 | Sewer    | Slain by a bullfrog

Skill      XL: |  1  2  3  4 |
---------------+-------------+-----
Spellcasting   | 2 |  2.8
Necromancy     | 5 6 |  6.3
Dodging        | |  2.1
Stealth        | |  2.4

Action                   |  1- 3 |  4- 6 || total
-------------------------+-------+-------++-------
Melee: Unarmed           |     5 |       ||     5
       Dagger            |    17 |     3 ||    20
Throw: Javelin           |     4 |     4 ||     8
 Cast: Pain              |    46 |    41 ||    87
       Vampiric Draining |     5 |     8 ||    13
  Eat: Chunk             |     2 |     4 ||     6
Armor: Robe              |     1 |       ||     1
       Leather armour    |    12 |    11 ||    23
Dodge: Dodged            |    34 |    26 ||    60
